 Dungeon Crawl Stone Soup version 0.27-a0-1149-g4505690ab0 (webtiles) character file.

Game seed: 9878038104885332326

37 skittles the Unweaver (level 3, 0/29 HPs)
             Began as a Demonspawn Abyssal Knight on May 13, 2021.
             Was a Follower of Lugonu.
             Slain by a jackal (1 damage)
             ... on level 2 of the Dungeon.
             The game lasted 00:03:33 (1697 turns).

skittles the Unweaver (Demonspawn Abyssal Knight)   Turns: 1697, Time: 00:03:33

Health: 0/29       AC:  5    Str: 13    XL:     3   Next: 23%
Magic:  5/5        EV: 10    Int: 13    God:    Lugonu [*.....]
Gold:   99         SH:  0    Dex: 12    Spells: 0/2 levels left

rFire    . . .     SeeInvis .   a - +1 falchion
rCold    . . .     Faith    .   (no shield)
rNeg     . . .     Spirit   .   e - +0 ring mail
rPois    .         Reflect  .   (no helmet)
rElec    .         Harm     .   (no cloak)
rCorr    .         Rampage  .   (no gloves)
Will     .....                  (no boots)
Stlth    +.........             (no amulet)
HPRegen  0.09/turn              (no ring)
MPRegen  0.09/turn              (no ring)

@: no status effects
A: claws 1
a: Renounce Religion, Depart the Abyss


You were on level 2 of the Dungeon.
You worshipped Lugonu.
Lugonu was aware of your devotion.
You visited 1 branch of the dungeon, and saw 2 of its levels.
You visited the Abyss 1 time.

You collected 99 gold pieces.

Inventory:

Hand Weapons
 a - a +1 falchion (weapon)
 c - a +1 whip of venom
 g - a +0 long sword
Missiles
 f - 2 atropa-tipped darts
 h - 17 poisoned darts
Armour
 b - a +0 leather armour
 e - a +0 ring mail (worn)
Scrolls
 d - 2 scrolls of identify


   Skills:
 + Level 3.2 Fighting
 * Level 2.5 Long Blades
 - Level 1.7 Armour
 - Level 0.8 Dodging
 * Level 3.6 Invocations


You couldn't memorise any spells.
You knew the following spells:

 Your Spells              Type           Power      Damage    Failure   Level
a - Blink                 Tloc           N/A        N/A       69%         2

Your spell library contained the following spells:

 Spells                   Type           Power      Damage    Failure   Level
 Magic Dart               Conj           0%         1d3       54%         1
 Call Imp                 Summ           0%         N/A       69%         2
 Slow                     Hex            0%         N/A       69%         2
 Conjure Flame            Conj/Fire      0%         6-21      89%         3
 Mephitic Cloud           Conj/Pois/Air  0%         N/A       89%         3


Dungeon Overview and Level Annotations

Branches:
Dungeon (2/15)

Altars:


Innate Abilities, Weirdness & Mutations

You have sharp fingernails.


Message History

The kobold misses you.
The jackal bites you but does no damage.
You barely miss the worm.
The worm is almost dead.
The kobold barely misses you.
The jackal bites you but does no damage.
The worm misses you.
You riposte.
You barely miss the worm.
The worm is almost dead.
The kobold hits you but does no damage.
The jackal bites you but does no damage.
You barely miss the worm.
The worm is almost dead.
The jackal bites you. The kobold closely misses you. The worm bites you.
* * * LOW HITPOINT WARNING * * *
Unknown command.
You hit the worm but do no damage.
The worm is almost dead.
The jackal misses you. The kobold barely misses you.
The jackal bites you but does no damage.
The worm bites you but does no damage.
Unknown command.
You barely miss the worm.
The worm is severely wounded.
The jackal bites you but does no damage.
The kobold hits you with a +0 dagger.
* * * LOW HITPOINT WARNING * * *
The jackal bites you.
* * * LOW HITPOINT WARNING * * *
You aren't carrying any potions.
You hit the worm but do no damage.
The worm is severely wounded.
The kobold hits you with a +0 dagger.
* * * LOW HITPOINT WARNING * * *
The jackal closely misses you. The worm bites you.
* * * LOW HITPOINT WARNING * * *
You slash the worm!
You kill the worm!
Lugonu accepts your kill. The jackal bites you.
You die...

.....# #.# #.#
#..... #.# #..
#...####(# #..#
#....##.# ....
#.#..:##'####......
#.............
#....#.........###
..#..#h........#
#...#@.#+#####
....#.#K.# ..K
#..#.# ....K..#...
.....+.......
######. ....... #.
....... #. .......
## ##...#.


You could see a jackal and a kobold.

Vanquished Creatures
  2 worms (D:2)
  A dart slug (D:1)
  3 ball pythons
  A giant cockroach (D:1)
  3 goblins
  3 hobgoblins (D:1)
  4 jackals (D:1)
  2 kobolds (D:1)
  2 quokkas
  4 bats
  A frilled lizard (D:1)
  4 rats (D:1)
30 creatures vanquished.

Notes
Turn   | Place    | Note
-------+----------+-------------------------------------------
     0 | Abyss:1  | skittles the Demonspawn Abyssal Knight began the quest for
                  | the Orb.
     0 | Abyss:1  | Reached XP level 1. HP: 18/18 MP: 2/2
   130 | Abyss:1  | Noticed an iron imp
   133 | Abyss:1  | Noticed a bone dragon
   134 | D:1      | Escaped the Abyss
   549 | D:1      | Gained mutation: You have sharp fingernails. [demonic
                  | ancestry]
   549 | D:1      | Reached XP level 2. HP: 20/24 MP: 4/4
   746 | D:1      | Reached * piety under Lugonu
  1002 | D:1      | Reached XP level 3. HP: 24/29 MP: 5/5
  1309 | D:1      | Learned a level 2 spell: Blink
  1696 | D:2      | HP: 1/29 [worm (2)]
  1697 | D:2      | Slain by a jackal

Illustrated notes

Levels and vault maps discovered:
D:1:      scummos_arrival_hexagon, layout_rooms, serial_bayou_ford_a,
          due_unseen_surprise
D:2:      layout_basic, basic_altar, grunt_ministairs_1,
          hangedman_decor_peaks_small, chequers_serial_rivers_micro_a

Skill      XL: |  1  2 |
---------------+-------+-----
Long Blades    | 2 |  2.5
Invocations    | 3 |  3.6
Fighting       | |  3.2
Armour         | |  1.7
Dodging        | |  0.8

Action                   || total
-------------------------++-------
Melee: Falchion          ||    92
Invok: Depart the Abyss  ||     1
  Use: Scroll            ||     2
Armor: Ring mail         ||    62
Dodge: Dodged            ||    74
       Rpst.: Falchion   ||    26

Table legend: (Time is in decaauts)
 A = Elapsed time spent in this place.
 B = Non-inter-level travel time spent in this place.
 C = Inter-level travel time spent in this place.
 D = Time resting spent in this place.
 E = Time spent auto-exploring this place.
 F = Levels seen in this place.
 G = Mean time per level.
                   A        B        C        D        E       F      G
               +--------+--------+--------+--------+--------+-----+--------+
         Total |   1725 |   1693 |     32 |    664 |    804 |   3 |  575.0 |
       Dungeon |   1589 |   1557 |     32 |    664 |    680 |   2 |  794.5 |
         Abyss |    135 |    135 |      0 |      0 |    123 |   1 |  135.0 |
               +--------+--------+--------+--------+--------+-----+--------+

Top non-repeatable levels by time:
     D:1: 1196 daAuts
     D:2: 393 daAuts
 Abyss:1: 135 daAuts
